 Dungeon Crawl Stone Soup version 0.23-a0-837-ga3e6480 (webtiles) character file.

950 poirepourri the Covert (level 7, -4/32 HPs)
             Began as a Spriggan Enchanter on Jan 24, 2019.
             Slain by a merfolk
             ... wielding a +0 spear
              (8 damage)
             ... on level 9 of the Dungeon.
             The game lasted 00:10:07 (10802 turns).

poirepourri the Covert (Spriggan Enchanter)        Turns: 10802, Time: 00:10:08

Health: -4/32      AC:  3    Str:  4    XL:     7   Next: 90%
Magic:  14/20      EV: 18    Int: 16    God:
Gold:   246        SH:  0    Dex: 19    Spells: 12/24 levels left

rFire    + . .     SeeInvis +   a - +1 dagger
rCold    . . .     Gourm    .   (shield restricted)
rNeg     . . .     Faith    .   b - +0 robe
rPois    .         Spirit   .   c - +1 hat
rElec    .         Reflect  .   (no cloak)
rCorr    .         Harm     .   (gloves unavailable)
MR       +....                  (boots unavailable)
Stlth    ++++......             o - amulet of the acrobat
HPRegen  0.10/turn              i - ring of protection from fire
MPRegen  0.17/turn              d - ring of wizardry

@: very quick
A: very small, unfitting armour, see invisible, herbivore, speed 3, slow
metabolism 2
a: no special abilities


You were on level 9 of the Dungeon.
You were very hungry.

You visited 1 branch of the dungeon, and saw 7 of its levels.

You collected 246 gold pieces.

Inventory:

Hand Weapons
 a - a +1 dagger (weapon)
Armour
 b - a +0 robe (worn)
 c - a +1 hat (worn)
Jewellery
 d - a ring of wizardry (right hand)
 i - a ring of protection from fire (left hand)
 j - an uncursed amulet of magic regeneration {unknown}
 o - an amulet of the acrobat (around neck)
Wands
 m - a wand of polymorph (7)
Scrolls
 h - a scroll of fear
 k - a scroll of blinking
 n - 2 scrolls of remove curse
 p - a scroll of teleportation
Potions
 e - a potion of mutation
 f - a potion of haste {unknown}
 g - a potion of agility
 l - a potion of brilliance


   Skills:
 - Level 1.1 Short Blades
 - Level 3.0 Dodging
 - Level 9.1 Stealth
 - Level 9.0 Spellcasting
 + Level 4.4 Hexes


You had 12 spell levels left.
You knew the following spells:

 Your Spells              Type           Power        Failure   Level  Hunger
a - Corona                Hex            ###....      1%          1    None
b - Ensorcelled Hibernat  Hex/Ice        ##....       2%          2    None
c - Confuse               Hex            ###.....     1%          3    #......
d - Tukima's Dance        Hex            ###.....     1%          3    #......
e - Dazzling Spray        Conj/Hex       ##....       4%          3    #......

Your spell library contained the following spells:

 Spells                   Type           Power        Failure   Level  Hunger


Dungeon Overview and Level Annotations

Branches:
Dungeon (6/15)
 Temple: D:4-7

Altars:
Ashenzari
Fedhas
Gozag
Okawaru
Sif Muna
The Shining One

Shops:
D:5 [

Annotations:
D:6 2 transporters


Innate Abilities, Weirdness & Mutations

You are very small and have problems with some larger weapons.
You are too small for most types of armour.
You have supernaturally acute eyesight. (SInv)
You are a herbivore.
You cover ground extremely quickly.
You need to consume almost no food.


Message History

Casting: Confuse (safe; 1% risk of failure)
Confirm with . or Enter, or press ? or * to list all spells.
Aiming: Tukima's Dance (safe; 1% risk of failure)
Press: ? - help, Shift-Dir - straight line, f/p - merfolk
Aim: a merfolk, wielding a +0 spear (almost dead, confused, chance to defeat MR: 42%)
Okay, then.
Casting: Tukima's Dance (safe; 1% risk of failure)
Confirm with . or Enter, or press ? or * to list all spells.
Aiming: Dazzling Spray (safe; 4% risk of failure)
Press: ? - help, Shift-Dir - straight line, f/p - merfolk
Aim: a merfolk, wielding a +0 spear (almost dead, confused)
The spray of energy hits the merfolk but does no damage.
The merfolk is almost dead.
Drop what? 16/52 slots (_ for help) (? for menu, Esc to quit)
Drop what? 16/52 slots (_ for help) (? for menu, Esc to quit)
Okay, then.
You barely miss the merfolk.
The merfolk is almost dead.
The merfolk seems less confused.
The merfolk hits you with a +0 spear!
You die...

############ #####
#..........# #≈.%
#..........# #≈((
#..........# #≈.##
#..........# #≈.†#
##..........# ##@#
............###.m#####
.....................#
.....................#
.............†......†#
.....................#
###########........###
#.........#........#
#.........#........#


You could see a merfolk.

Vanquished Creatures
  Sigmund (D:3)
  A hornet zombie (D:6)
  A phantom (D:4)
  A scorpion (D:4)
  A crimson imp (D:6)
  2 hounds
  A gnoll shaman (D:5)
  A jelly (D:5)
  2 orc wizards (D:3)
  An iguana (D:6)
  Natasha (D:3)
  A mummy (D:5)
  5 gnolls
  8 adders
  A shadow imp (D:5)
  4 oozes
  2 worms
  4 dart slugs
  2 leopard geckos
  15 orcs
  9 giant cockroaches
  8 goblins
  8 hobgoblins
  23 jackals
  5 quokkas
  A ball python (D:5)
  8 bats
  9 frilled lizards
  3 hobgoblin zombies (D:5)
  10 kobolds
  A kobold zombie (D:5)
  7 rats
147 creatures vanquished.

Vanquished Creatures (others)
  4 dancing weapons (D:5)
4 creatures vanquished.

Grand Total: 151 creatures vanquished

Notes
Turn   | Place    | Note
-------+----------+-------------------------------------------
     0 | D:1      | poirepourri the Spriggan Enchanter began the quest for the
                  | Orb.
     0 | D:1      | Reached XP level 1. HP: 9/9 MP: 5/5
   532 | D:1      | Reached skill level 5 in Stealth
   644 | D:1      | Reached XP level 2. HP: 9/13 MP: 6/6
   648 | D:1      | Learned a level 2 spell: Ensorcelled Hibernation
  2075 | D:1      | Reached XP level 3. HP: 7/16 MP: 2/8
  2801 | D:2      | Learned a level 3 spell: Confuse
  3413 | D:2      | Reached XP level 4. HP: 17/21 MP: 9/9
  3817 | D:2      | Found an iron altar of Okawaru.
  4753 | D:3      | Noticed Natasha
  4758 | D:3      | Reached XP level 5. HP: 24/24 MP: 7/10
  5529 | D:3      | Learned a level 3 spell: Tukima's Dance
  5836 | D:3      | Noticed Sigmund
  5851 | D:3      | Killed Sigmund
  5851 | D:3      | Reached skill level 5 in Spellcasting
  5851 | D:3      | Reached XP level 6. HP: 27/28 MP: 7/15
  6012 | D:3      | Killed Natasha
  6857 | D:3      | Learned a level 3 spell: Dazzling Spray
  7164 | D:4      | Found a shattered altar of Ashenzari.
  7638 | D:4      | Reached XP level 7. HP: 24/32 MP: 3/18
  8384 | D:4      | Found a faded altar of an unknown god.
  8384 | D:4      | Found a faded altar of an unknown god.
  8389 | D:4      | Found an opulent altar of Gozag.
  8391 | D:4      | Found a deep blue altar of Sif Muna.
  8393 | D:4      | Found a blossoming altar of Fedhas.
  8514 | D:5      | Entered Level 5 of the Dungeon
  9296 | D:5      | Found Vaor's Armour Emporium.
  9529 | D:5      | Found an opulent altar of Gozag.
 10401 | D:6      | Found a transporter.
 10581 | D:6      | Found a glowing golden altar of the Shining One.
 10594 | D:6      | Found a transporter.
 10607 | D:6      | You fall through a shaft for 3 floors!
 10785 | D:9      | Noticed a merfolk
 10802 | D:9      | Slain by a merfolk

Vault maps used:
D:1:      wander_arrival_chamber, chequers_jeans, chequers_serial_rivers_room_a,
          serial_park_tiny_2, minmay_statues_item
D:2:      okawaru_altar_gauntlet_db
D:3:      minmay_fractal_squares_gapless_5, uniq_sigmund, uniq_natasha
D:4:      chequers_temple_overflow_minitemple, first_ration,
          nicolae_ashenzari_panopticon
D:5:      basic_altar, serial_shops, kennysheep_little_box, minmay_mini_ossuary
D:6:      gammafunk_steamed_eel, kennysheep_mini, minmay_temple_entry_grid,
          patterned_corridor
D:9:      hangedman_fish_farm, uniq_psyche

Skill      XL: |  1  2  3  4  5  6  7 |
---------------+----------------------+-----
Stealth        | 5 6 7 9 |  9.1
Spellcasting   | 5 6 9 |  9.0
Hexes          | 4 |  4.4
Short Blades   | |  1.1
Dodging        | |  3.0

Action                   |  1- 3 |  4- 6 |  7- 9 || total
-------------------------+-------+-------+-------++-------
Melee: Dagger            |   226 |   305 |   180 ||   711
 Cast: Ensorcelled Hiber |    18 |    62 |    23 ||   103
       Corona            |       |     2 |       ||     2
       Confuse           |       |     3 |    12 ||    15
       Tukima's Dance    |       |       |     5 ||     5
       Dazzling Spray    |       |       |     1 ||     1
  Use: Scroll            |     5 |     3 |     5 ||    13
       Potion            |       |     3 |       ||     3
 Stab: Sleeping          |    23 |    32 |    20 ||    75
       Distracted        |       |     1 |     1 ||     2
       Confused          |       |     2 |     6 ||     8
  Eat: Ration            |     1 |     4 |     1 ||     6
Armor: Robe              |    22 |    37 |    18 ||    77
Dodge: Dodged            |   200 |   316 |   141 ||   657

Table legend:
 A = Non-vault XP
 B = Vault XP
 C = Vault XP percentage of total XP
 D = Non-vault monster count
 E = Vault monster count
 F = Vault count percentage of total count
                 A         B        C        D         E       F
            +---------+---------+-------+---------+---------+-------
      Total |    1049 |     309 |  22.8 |     130 |      17 |  11.6
            +---------+---------+-------+---------+---------+-------
        D:1 |      53 |       0 |   0.0 |      29 |       0 |   0.0
        D:2 |      88 |      27 |  23.5 |      31 |       6 |  16.2
        D:3 |     180 |     262 |  59.3 |      33 |       6 |  15.4
        D:4 |     277 |       0 |   0.0 |      13 |       0 |   0.0
        D:5 |     172 |      20 |  10.4 |      14 |       5 |  26.3
        D:6 |     216 |       0 |   0.0 |       4 |       0 |   0.0
        D:9 |      63 |       0 |   0.0 |       6 |       0 |   0.0
            +---------+---------+-------+---------+---------+-------
